AoeStats
← MostImmortal

Lombardia

507118674Analyzed
2v2 RM · 14d ago on Sep 16, 2026· 52m 44s· 4 players
Game mode
Random Map
Map size
Medium (4 player)
Population
200
Speed
Normal
Resources
Standard
Victory
Conquest
Starting age
Dark Age
Ending age
Imperial Age
RankedLock teamsTeams togetherTeam positionsShared explorationLock speedFull tech treeHidden civsTurbo modeCheats
Victory
Defeat
🇨🇭 Khitans · Switzerland
1216
+16
🇨🇭 Armenians · Switzerland
1198
+16
🇨🇭 Mongols · Switzerland
1244
-18
🇮🇳 Romans · India
1169
-14
MostImmortal
8:02 Loom
10:16 Feudal Age
11:59 Double-Bit Axe
12:40 Domestication
15:29 Wheelbarrow
17:06 Forging
18:00 Padded Archer Armor
22:48 Castle Age
22:10 Scale Barding Armor
22:02 Gold Mining
22:11 Town Watch
23:30 Husbandry
24:33 Iron Casting
25:41 Bow Saw
25:35 Pastoralism
25:39 Light Cavalry
32:51 Hand Cart
39:47 Imperial Age
38:53 Chain Barding Armor
41:09 Elite Steppe Lancer
42:19 Hussar
46:03 Siege Engineers
47:17 Conscription
48:54 Ballistics
53:08 Ordo Cavalry
Paffaff
8:03 Loom
10:38 Feudal Age
11:13 Double-Bit Axe
12:13 Horse Collar
18:58 Castle Age
17:20 Gold Mining
17:20 Stone Mining
20:01 Bow Saw
21:39 Gold Mining
26:36 Heavy Plow
27:13 Fletching
29:01 Wheelbarrow
32:57 Imperial Age
31:13 Bodkin Arrow
31:24 Town Watch
32:15 Padded Archer Armor
32:37 Ballistics
32:27 Masonry
32:39 Ballistics
34:06 Bracer
34:21 Leather Archer Armor
34:43 Capped Ram
35:30 Squires
35:23 Pikeman
36:08 Scale Mail Armor
36:20 Forging
39:28 Conscription
38:29 Elite Composite Bowman
39:18 Halberdier
40:48 Man-at-Arms
41:13 Gambesons
41:52 Chain Mail Armor
42:13 Iron Casting
42:09 Ring Archer Armor
41:58 Chain Mail Armor
42:18 Iron Casting
44:14 Gold Shaft Mining
44:32 Plate Mail Armor
46:15 Chemistry
44:53 Long Swordsman
46:38 Blast Furnace
48:55 Two-Handed Swordsman
49:51 Champion
52:20 Murder Holes
52:39 Fereters
U 99
6:47 Loom
9:47 Feudal Age
16:03 Castle Age
15:54 Double-Bit Axe
16:49 Husbandry
20:48 Horse Collar
23:22 Wheelbarrow
30:37 Imperial Age
28:23 Gold Mining
28:47 Fletching
29:27 Bodkin Arrow
29:44 Bloodlines
31:25 Bracer
31:53 Ballistics
32:33 Chemistry
31:52 Light Cavalry
34:01 Padded Archer Armor
35:41 Hussar
36:42 Leather Archer Armor
36:38 Forging
39:37 Iron Casting
39:08 Scale Barding Armor
38:54 Elite Steppe Lancer
41:40 Blast Furnace
41:36 Chain Barding Armor
43:06 Heavy Plow
44:06 Hand Cart
44:39 Onager
48:18 Drill
Shan6666
7:14 Loom
10:18 Feudal Age
10:40 Man-at-Arms
11:56 Scale Mail Armor
12:18 Double-Bit Axe
14:02 Horse Collar
21:59 Castle Age
20:22 Scale Barding Armor
20:31 Bloodlines
20:34 Gold Mining
22:13 Wheelbarrow
24:53 Bow Saw
25:28 Chain Barding Armor
25:40 Forging
27:43 Iron Casting
29:48 Fletching
33:56 Bodkin Arrow
36:48 Imperial Age
36:52 Ballistics
36:53 Heavy Plow
37:40 Heavy Scorpion
39:09 Ballistas
40:55 Long Swordsman
41:36 Squires
41:53 Chain Mail Armor
42:39 Blast Furnace
42:56 Legionary
45:23 Town Watch
46:52 Siege Engineers
Connection lost

Rejoining the realm…

Still unreachable

The connection could not be restored.

Session expired

The server has moved on; the page needs a fresh start.